 Dungeon Crawl Stone Soup version 0.23.0 (webtiles) character file.

Game seed: 4521844316932950398

322 Inarius the Ogre Mage (level 6, -5/55 HPs)
             Began as an Ogre Wizard on Feb 12, 2019.
             Slain by Menkaure (13 damage)
             ... on level 4 of the Dungeon on Feb 13, 2019.
             The game lasted 00:14:22 (5221 turns).

Inarius the Ogre Mage (Ogre Wizard)                 Turns: 5221, Time: 00:14:23

Health: -5/55      AC:  4    Str: 12    XL:     6   Next: 47%
Magic:  7/14       EV: 15    Int: 26    God:
Gold:   161        SH:  0    Dex: 12    Spells: 9/15 levels left

rFire    + . .     SeeInvis .   e - +2 dagger (freeze)
rCold    + . .     Gourm    .   (no shield)
rNeg     . . .     Faith    .   a - +0 robe
rPois    +         Spirit   .   b - +0 hat
rElec    +         Reflect  .   y - +0 cloak {+Inv}
rCorr    +         Harm     .   (gloves unavailable)
MR       .....                  (boots unavailable)
Stlth    +++.......             (no amulet)
HPRegen  0.18/turn              (no ring)
MPRegen  0.14/turn              (no ring)

@: brilliant, agile, resistant, hasted, very quick
A: large, unfitting armour, tough skin 1
a: Evoke Invisibility


You were on level 4 of the Dungeon.
You were not hungry.

You visited 1 branch of the dungeon, and saw 4 of its levels.

You collected 161 gold pieces.

Inventory:

Hand Weapons
 e - a +2 dagger of freezing (weapon)
 j - a +0 whip of venom
Missiles
 k - 121 stones (quivered)
Armour
 a - a +0 robe (worn)
 b - a +0 hat (worn)
 m - a +0 cloak
 q - a +0 leather armour
 s - a scarf of repulsion
 y - a +0 cloak of invisibility (worn)
Jewellery
 z - a +3 ring of dexterity
Scrolls
 f - 3 scrolls of fog
 g - a scroll of enchant weapon
 n - 2 scrolls of teleportation
 p - a scroll of enchant armour {unknown}
 w - a scroll of amnesia {unknown}
 x - a scroll of remove curse
 A - a scroll of magic mapping {unknown}
Potions
 h - a potion of haste
 l - a potion of invisibility {unknown}
 o - 2 potions of resistance
 v - a potion of cancellation {unknown}
Comestibles
 d - 6 rations
 u - 3 chunks of flesh


   Skills:
 + Level 1.1 Fighting
 + Level 1.2 Short Blades
 + Level 0.3 Throwing
 + Level 2.6 Dodging
 - Level 1.6 Stealth
 - Level 5.3 Spellcasting
 + Level 2.3 Conjurations
 + Level 2.0 Summonings
   Level 0.8 Translocations
 * Level 1.5 Fire Magic


You had 9 spell levels left.
You knew the following spells:

 Your Spells              Type           Power        Failure   Level  Hunger
a - Magic Dart            Conj           ####         1%          1    None
b - Call Imp              Summ           ####....     1%          2    None
c - Conjure Flame         Conj/Fire      ####....     1%          3    #......

Your spell library contained the following spells:

 Spells                   Type           Power        Failure   Level  Hunger
 Blink                    Tloc           N/A          1%          2    None
 Slow                     Hex            ###.....     1%          2    None
 Mephitic Cloud           Conj/Pois/Air  ####....     1%          3    #......


Dungeon Overview and Level Annotations

Branches:
Dungeon (4/15)
 Temple: D:4-7

Altars:
Qazlal

Annotations:
D:3 Grinder
D:4 Menkaure


Innate Abilities, Weirdness & Mutations

You are too large for most types of armour.
You have tough skin. (AC +1)


Message History

You feel clever all of a sudden.
Casting: Call Imp (safe; 1% risk of failure)
Confirm with . or Enter, or press ? or * to list all spells.
Aiming: Magic Dart (safe; 1% risk of failure)
Press: ? - help, Shift-Dir - straight line, f/p - Menkaure
Aim: Menkaure (severely damaged, fast)
The magic dart hits Menkaure.
Menkaure is almost destroyed.
Menkaure hits you but does no damage.
Your crimson imp blinks!
Unknown command.
Casting: Magic Dart (safe; 1% risk of failure)
Confirm with . or Enter, or press ? or * to list all spells.
Aiming: Magic Dart (safe; 1% risk of failure)
Press: ? - help, Shift-Dir - straight line, f/p - Menkaure
Aim: Menkaure (almost destroyed, fast)
The magic dart hits Menkaure.
Menkaure is almost destroyed.
Menkaure hits you!
You die...

#...##.......[>....#
#####..................#
##...#.......###.........
#............###.........
##.....#.....##..........
##....#.##..#...###.....
#...##..#..##..#.......
#.....M###..##.........
###..5@####.#...##..##.
#.##...5......#####....
###.##......###.......##.
#..........##....#.....#
#...........##..## #....
##........#..#..###..##
#....5....#.......†..#
####.###...#...........#
##..#.# #.###....##.....#


You could see Menkaure, a friendly crimson imp, a friendly white imp and a
friendly shadow imp.

Vanquished Creatures
  An orc priest (D:3)
  Natasha (D:4)
  4 gnolls (D:3)
  2 adders (D:4)
  2 oozes
  2 worms
  2 dart slugs (D:1)
  2 leopard geckos (D:2)
  6 orcs
  10 bats
  3 giant cockroaches
  7 goblins
  7 hobgoblins
  3 jackals (D:1)
  A ball python (D:2)
  6 frilled lizards
  11 kobolds
  10 rats
80 creatures vanquished.

Vanquished Creatures (collateral kills)
  A scorpion (D:4)
  Terence (D:3)
  Natasha (D:4)
  An orc wizard (D:2)
  3 gnolls
  A worm (D:4)
  A dart slug (D:3)
  An orc (D:2)
  A goblin (D:3)
  A frilled lizard (D:3)
12 creatures vanquished.

Grand Total: 92 creatures vanquished

Notes
Turn   | Place    | Note
-------+----------+-------------------------------------------
     0 | D:1      | Inarius the Ogre Wizard began the quest for the Orb.
     0 | D:1      | Reached XP level 1. HP: 16/16 MP: 5/5
    24 | D:1      | Reached skill level 1 in Conjurations
    49 | D:1      | Reached XP level 2. HP: 18/24 MP: 1/6
   282 | D:1      | Reached skill level 4 in Spellcasting
   358 | D:1      | Learned a level 2 spell: Call Imp
   578 | D:1      | Reached XP level 3. HP: 31/31 MP: 3/8
  1602 | D:2      | Reached XP level 4. HP: 38/39 MP: 10/10
  1694 | D:2      | Learned a level 3 spell: Conjure Flame
  1700 | D:2      | Reached skill level 1 in Summonings
  2828 | D:2      | Reached skill level 5 in Spellcasting
  2828 | D:2      | Reached XP level 5. HP: 20/46 MP: 2/12
  3994 | D:3      | Found a stormy altar of Qazlal.
  4028 | D:3      | Noticed Terence
  4136 | D:3      | Killed Terence
  4206 | D:3      | Reached skill level 1 in Fighting
  4336 | D:3      | Noticed Grinder
  4492 | D:3      | Reached skill level 1 in Fire Magic
  4618 | D:4      | Reached XP level 6. HP: 52/55 MP: 10/14
  4663 | D:4      | Noticed Menkaure
  4726 | D:4      | Reached skill level 1 in Short Blades
  4970 | D:4      | Noticed Natasha
  4973 | D:4      | Killed Natasha
  4976 | D:4      | Noticed Natasha
  4997 | D:4      | Killed Natasha
  5221 | D:4      | Slain by Menkaure

Skill      XL: |  1  2  3  4  5  6 |
---------------+-------------------+-----
Conjurations   | 1 2 |  2.3
Dodging        | 2 |  2.6
Spellcasting   | 4 5 |  5.3
Summonings     | 1 2 |  2.0
Fighting       | 1 |  1.1
Fire Magic     | 1 |  1.5
Short Blades   | 1 |  1.2
Throwing       | |  0.3
Stealth        | |  1.6
Translocations | |  0.8

Action                   |  1- 3 |  4- 6 || total
-------------------------+-------+-------++-------
Melee: Unarmed           |    21 |       ||    21
       Dagger            |    40 |    78 ||   118
Throw: Stone             |     5 |     6 ||    11
 Cast: Magic Dart        |    58 |   119 ||   177
       Call Imp          |     2 |    31 ||    33
       Conjure Flame     |       |     3 ||     3
  Use: Scroll            |       |     4 ||     4
       Potion            |       |     7 ||     7
 Stab: Sleeping          |       |     1 ||     1
  Eat: Chunk             |     2 |    11 ||    13
Armor: Robe              |    29 |    36 ||    65
Dodge: Dodged            |    36 |    76 ||   112
